 Dungeon Crawl Stone Soup version 0.28.0-53-g5a82cb258f (webtiles) character file.

Game seed: 3227159024799104444

32 jiml777 the Grasshopper (level 3, -3/31 HPs)
             Began as a Gnoll Warper on July 13, 2022.
             Slain by Robin
             ... wielding a +1 antimagic short sword
              (7 damage)
             ... on level 2 of the Dungeon.
             The game lasted 00:03:01 (1142 turns).

jiml777 the Grasshopper (Gnoll Warper)              Turns: 1142, Time: 00:03:02

Health: -3/31      AC:  3    Str: 10    XL:     3   Next: 25%
Magic:  7/9        EV: 12    Int: 14    God:
Gold:   34         SH:  0    Dex: 11    Spells: 12/12 levels left

rFire   . . .      SeeInvis .   a - +0 short sword
rCold   . . .      Faith    .   (no shield)
rNeg    . . .      Spirit   .   b - +0 leather armour
rPois   .          Reflect  .   (no helmet)
rElec   .          Harm     .   (no cloak)
rCorr   .          Rampage  .   (no gloves)
Will    .....                   (no boots)
Stlth   +.........              (no amulet)
HPRegen 0.10/turn               (no ring)
MPRegen 0.11/turn               (no ring)

@: no status effects
A: fangs 1, strong nose, distributed training
a: no special abilities


You were on level 2 of the Dungeon.
You visited 1 branch of the dungeon, and saw 2 of its levels.

You collected 34 gold pieces.

Inventory:

Hand Weapons
 a - a +0 short sword (weapon)
 g - a +0 dagger
Missiles
 d - 5 boomerangs of dispersal (quivered)
 h - 37 stones
 j - 21 arrows
 n - 3 curare-tipped darts
Armour
 b - a +0 leather armour (worn)
Scrolls
 c - a scroll of blinking
 e - a scroll of identify {unknown}
 k - a scroll of teleportation {unknown}
Potions
 f - 2 potions of haste {unknown}
 i - a potion of heal wounds {unknown}
 l - a potion of might {unknown}


   Skills:
 + Level 4.5 Fighting
 + Level 4.5 Short Blades
 + Level 0.7 Long Blades
 + Level 0.7 Axes
 + Level 0.7 Maces & Flails
 + Level 0.7 Polearms
 + Level 0.7 Staves
 + Level 0.7 Slings
 + Level 0.7 Bows
 + Level 0.7 Crossbows
 + Level 2.6 Throwing
 + Level 2.6 Armour
 + Level 4.5 Dodging
 + Level 0.7 Stealth
 + Level 0.7 Shields
 + Level 0.7 Unarmed Combat
 + Level 5.0 Spellcasting
 + Level 0.5 Conjurations
 + Level 0.5 Hexes
 + Level 0.5 Summonings
 + Level 0.5 Necromancy
 + Level 5.4 Translocations
 + Level 0.5 Transmutations
 + Level 0.5 Fire Magic
 + Level 0.5 Ice Magic
 + Level 0.5 Air Magic
 + Level 0.5 Earth Magic
 + Level 0.5 Poison Magic
 + Level 0.9 Invocations
 + Level 0.7 Evocations


You had 12 spell levels left.
You didn't know any spells.
Your spell library contained the following spells:

 Spells                   Type           Power      Damage    Failure   Level
 Blink                    Tloc           36%        N/A       3%          2
 Gell's Gravitas          Tloc           18%        N/A       8%          3
 Lesser Beckoning         Tloc           18%        N/A       8%          3
 Teleport Other           Tloc           18%        N/A       8%          3
 Manifold Assault         Tloc           18%        N/A       56%         5


Dungeon Overview and Level Annotations

Branches:
Dungeon (2/15)

Altars:

Annotations:
D:2 Robin


Innate Abilities, Weirdness & Mutations

You have very sharp teeth.
Your uncanny sense of smell can sniff out nearby items.
Your experience applies equally to all skills.


Message History

You see here a +0 club.
The hobgoblin no longer looks unusually strong.
You hit the hobgoblin.
You kill the hobgoblin!
You hit the hobgoblin.
The hobgoblin is heavily wounded.
You closely miss the hobgoblin.
The hobgoblin is heavily wounded.
The hobgoblin barely misses you.
You closely miss the hobgoblin.
The hobgoblin is heavily wounded.
The hobgoblin hits you.
* * * LOW HITPOINT WARNING * * *
Robin hits you with a +1 antimagic short sword.
* * * LOW HITPOINT WARNING * * *
You feel your power leaking away.
You feel better. The hobgoblin misses you. Robin hits you but does no damage.
You barely miss Robin. You bite Robin, but do no damage.
The hobgoblin hits you.
* * * LOW HITPOINT WARNING * * *
Robin hits you with a +1 antimagic short sword.
* * * LOW HITPOINT WARNING * * *
You feel your power leaking away.
You closely miss Robin.
The hobgoblin no longer looks unusually strong.
The hobgoblin closely misses you. Robin misses you.
You hit Robin. Your punch misses Robin.
Robin is lightly wounded.
The hobgoblin barely misses you. Robin misses you.
You hit Robin.
Robin is lightly wounded.
The hobgoblin hits you but does no damage.
Robin hits you but does no damage.
You barely miss Robin.
Robin is lightly wounded.
The hobgoblin completely misses you.
You hit Robin. Your bite misses Robin.
Robin is moderately wounded.
Robin hits you with a +1 antimagic short sword!
You die...

###.#......###
......>......#
#<#..# #.#..#
∆ #)#..#
#g#..# #g#..#
#.#..# #.#@.#
#.gg.# ####.#
... .#.# .#.#
.# # .# ∆


You could see Robin and a hobgoblin.

Vanquished Creatures
  An endoplasm (D:1)
  2 giant cockroaches (D:1)
  6 goblins (D:2)
  7 hobgoblins
  A quokka (D:1)
  A ball python (D:1)
  A bat (D:1)
  5 kobolds (D:1)
  4 rats (D:1)
28 creatures vanquished.

Notes
Turn   | Place    | Note
-------+----------+-------------------------------------------
     0 | D:1      | jiml777 the Gnoll Warper began the quest for the Orb.
     0 | D:1      | Reached XP level 1. HP: 20/20 MP: 6/6
   403 | D:1      | Reached XP level 2. HP: 26/26 MP: 7/7
  1082 | D:2      | Noticed Robin
  1103 | D:2      | Reached XP level 3. HP: 23/31 MP: 9/9
  1107 | D:2      | Reached skill level 5 in Spellcasting
  1142 | D:2      | Slain by Robin

Illustrated notes

Levels and vault maps discovered:
D:1:      psy_arrival_whirlpool, layout_basic
D:2:      layout_basic, chequers_ecumenical_altar_simple_redux, uniq_robin,
          uniq_terence

Skill      XL: |  1  2  3 |
---------------+----------+-----
Spellcasting   | 5 |  5.0
Fighting       | |  4.5
Short Blades   | |  4.5
Long Blades    | |  0.7
Axes           | |  0.7
Maces & Flails | |  0.7
Polearms       | |  0.7
Staves         | |  0.7
Slings         | |  0.7
Bows           | |  0.7
Crossbows      | |  0.7
Throwing       | |  2.6
Armour         | |  2.6
Dodging        | |  4.5
Stealth        | |  0.7
Shields        | |  0.7
Unarmed Combat | |  0.7
Conjurations   | |  0.5
Hexes          | |  0.5
Summonings     | |  0.5
Necromancy     | |  0.5
Translocations | |  5.4
Transmutations | |  0.5
Fire Magic     | |  0.5
Ice Magic      | |  0.5
Air Magic      | |  0.5
Earth Magic    | |  0.5
Poison Magic   | |  0.5
Invocations    | |  0.9
Evocations     | |  0.7

Action                   || total
-------------------------++-------
Melee: Short sword       ||   101
       Bite              ||    10
       Punch             ||     3
  Use: Potion            ||     2
Armor: Leather armour    ||    30
Dodge: Dodged            ||    54
